AoeStats
← Red Calypso

Oasis

508127609Analyzed
4v4 RM · 11d ago on Sep 21, 2026· 23m 6s· 8 players
Game mode
Random Map
Map size
Large (8 player)
Population
200
Speed
Normal
Resources
Standard
Victory
Conquest
Starting age
Dark Age
Ending age
Imperial Age
RankedLock teamsTeams togetherTeam positionsShared explorationLock speedFull tech treeHidden civsTurbo modeCheats
Victory
Defeat
🇦🇷 Khitans · Argentina
1495
+14
🇦🇷 Portuguese · Argentina
1459
+16
🇦🇷 Sicilians · Argentina
1444
+16
🇺🇸 Italians · United States
1442
+16
🇦🇷 Burmese · Argentina
1517
-17
🇩🇪 Koreans · Germany
1491
-17
🇯🇵 Bulgarians · Japan
1408
-14
🇦🇹 Burgundians · Austria
1403
-14
MarioLogan
6:29 Loom
9:18 Feudal Age
10:17 Double-Bit Axe
16:41 Fletching
21:35 Castle Age
19:49 Padded Archer Armor
21:37 Gold Mining
22:11 Bodkin Arrow
21:52 Crossbowman
WalterWhite
7:23 Loom
10:12 Feudal Age
10:52 Double-Bit Axe
14:06 Fletching
16:27 Padded Archer Armor
18:06 Wheelbarrow
19:28 Horse Collar
23:25 Castle Age
22:32 Gold Mining
JessePinkman
9:22 Feudal Age
9:58 Double-Bit Axe
12:29 Town Watch
16:29 Scale Barding Armor
17:02 Bloodlines
17:41 Forging
23:08 Castle Age
21:38 Horse Collar
21:49 Gold Mining
Sevastokrator
6:54 Loom
9:34 Feudal Age
18:16 Domestication
18:22 Double-Bit Axe
19:00 Forging
22:38 Castle Age
21:46 Scale Barding Armor
Red Calypso
4:49 Double-Bit Axe
5:30 Loom
10:36 Feudal Age
13:02 Scale Barding Armor
19:49 Bow Saw
vR-MrReD
6:24 Loom
9:44 Feudal Age
11:12 Double-Bit Axe
13:11 Fletching
17:24 Wheelbarrow
23:13 Castle Age
Hao_Arg
8:11 Loom
10:56 Feudal Age
15:41 Castle Age
13:57 Horse Collar
14:50 Gold Mining
18:16 Wheelbarrow
18:31 Padded Archer Armor
PeterWong1988
7:45 Loom
10:19 Feudal Age
15:50 Fletching
16:23 Padded Archer Armor
19:08 Town Watch
20:53 Horse Collar
23:19 Bloodlines
Connection lost

Rejoining the realm…

Still unreachable

The connection could not be restored.

Session expired

The server has moved on; the page needs a fresh start.